 Dungeon Crawl Stone Soup version 0.22-a0-362-g535178c (webtiles) character file.

39 inmateoo the Sneak (level 3, 0/23 HPs)
             Began as an Octopode Earth Elementalist on Apr 20, 2018.
             Succumbed to an adder's poison
             ... on level 2 of the Dungeon.
             The game lasted 00:01:22 (1012 turns).

inmateoo the Sneak (Octopode Earth Elementalist)    Turns: 1012, Time: 00:01:22

Health: 0/23       AC:  1    Str:  7    XL:     3   Next: 47%
Magic:  3/6        EV: 13    Int: 18    God:
Gold:   49         SH:  0    Dex: 12    Spells: 5/6 levels left

rFire    . . .     SeeInvis .   e - +0 spear
rCold    . . .     Gourm    .   (no shield)
rNeg     . . .     Faith    .   (helmet restricted)
rPois    .         Spirit   .   (no amulet)
rElec    .         Reflect  .   (no ring)
rCorr    .         Harm     .   (no ring)
MR       .....                  (no ring)
Stlth    ++++......             (no ring)
HPRegen  0.07/turn              (no ring)
MPRegen  0.10/turn              (no ring)
                                (no ring)
                                (no ring)

@: lethally poisoned (0 -> -5)
A: almost no armour, stealthy swim, amphibious, 8 rings, constrict 8, camouflage
1, gelatinous body 1
a: no special abilities


You were on level 2 of the Dungeon.
You were not hungry.

You visited 1 branch of the dungeon, and saw 2 of its levels.

You collected 49 gold pieces.

Inventory:

Hand Weapons
 e - a +0 spear (weapon)
Missiles
 b - 79 stones (quivered)
Scrolls
 a - a scroll of immolation {unknown}
 d - 2 scrolls of remove curse
Comestibles
 c - 3 rations


   Skills:
 + Level 1.1 Fighting
 - Level 2.0 Dodging
 - Level 4.5 Stealth
 - Level 2.0 Spellcasting
   Level 1.0 Transmutations
 + Level 3.3 Earth Magic


You had 5 spell levels left.
You knew the following spells:

 Your Spells              Type           Power        Failure   Level  Hunger
a - Sandblast             Erth           ##....       4%          1    #......


Dungeon Overview and Level Annotations

Branches:
Dungeon (2/15)

Altars:


Innate Abilities, Weirdness & Mutations

You cannot wear most types of armour.
You are very stealthy in the water. (Stealth+)
You are amphibious.
You can wear up to eight rings at the same time.
You can use your tentacles to constrict eight enemies at once.
Your skin changes colour to match your surroundings (Stealth+).
Your rubbery body absorbs attacks. (AC +1, EV +1)


Message History

You see here a bat corpse.
Casting: Sandblast (safe; 4% risk of failure)
Confirm with . or Enter, or press ? or * to list all spells.
You can't see any susceptible monsters within range! (Use Z to cast anyway.)
* * * LOW HITPOINT WARNING * * *
You feel sick.
Casting: Sandblast (safe; 4% risk of failure)
Confirm with . or Enter, or press ? or * to list all spells.
Aiming: Sandblast (safe; 4% risk of failure)
Press: ? - help, Shift-Dir - straight line, f - rat
Aim: a rat The blast of sand hits the rat.
You kill the rat!
b - 79 stones You aren't carrying any potions.
* * * LOW HITPOINT WARNING * * *
You feel sick.
* * * LOW HITPOINT WARNING * * *
You feel sick.
You die...

#. #####.## #..
...# #+## #.# #..#
#...## #.###..#
##.....##
##......###.......#
#.....#.##.†.......
#.@.....†'.........
#.#...####.<.......
#.##.## ##.......#
#. ### ##.....## #.
#...## #. #+## #.
#.


There were no monsters in sight!

Vanquished Creatures
  A gnoll (D:1)
  An adder (D:2)
  A dart slug (D:1)
  2 goblins (D:1)
  3 hobgoblins (D:1)
  7 bats
  A frilled lizard (D:1)
  A kobold (D:1)
  3 rats
20 creatures vanquished.

Notes
Turn   | Place    | Note
-------+----------+-------------------------------------------
     0 | D:1      | inmateoo the Octopode Earth Elementalist began the quest for the Orb.
     0 | D:1      | Reached XP level 1. HP: 11/11 MP: 3/3
    79 | D:1      | Reached skill level 3 in Stealth
   369 | D:1      | Reached XP level 2. HP: 17/17 MP: 5/5
   412 | D:1      | Reached skill level 4 in Stealth
   493 | D:1      | Reached XP level 3. HP: 15/22 MP: 6/6
   997 | D:2      | Reached skill level 1 in Fighting
  1009 | D:2      | HP: 1/23 [poisoned by an adder]
  1012 | D:2      | Succumbed to an adder's poison

Vault maps used:
D:1:      dpeg_arrival_signposts
D:2:      chequers_ecumenical_altar_simple

Skill      XL: |  1  2  3 |
---------------+----------+-----
Stealth        | 3 4 |  4.5
Fighting       | 1 |  1.1
Dodging        | |  2.0
Spellcasting   | |  2.0
Transmutations | |  1.0
Earth Magic    | |  3.3

Action                   || total
-------------------------++-------
Melee: Unarmed           ||    19
       Constrict         ||    11
       Tentacles         ||     6
       Spear             ||    17
 Cast: Sandblast         ||    10
  Use: Scroll            ||     1
 Stab: Sleeping          ||     7
Armor: Skin              ||    10
Dodge: Dodged            ||    26

Table legend:
 A = Spawn XP
 B = Non-spawn XP
 C = Spawn XP percentage of total XP
 D = Spawn monster count
 E = Non-spawn monster count
 F = Spawn count percentage of total count
 G = Total turns spent on level
                    A         B        C        D         E        F      G
               +---------+---------+-------+---------+---------+-------+---------
         Total |       0 |      57 |   0.0 |       0 |      20 |   0.0 |  1012
               +---------+---------+-------+---------+---------+-------+---------
           D:1 |       0 |      42 |   0.0 |       0 |      17 |   0.0 |   992
           D:2 |       0 |      15 |   0.0 |       0 |       3 |   0.0 |    20
               +---------+---------+-------+---------+---------+-------+---------
